Map: Overgrown Facility

Players

Throwfordays

  • Race: Protoss Protoss
  • League: Silver
  • Spawn Location: 9:00

Faust

  • Race: Zerg Zerg
  • League: Diamond
  • Spawn Location: 7:00

Chloroform

  • Race: Terran Terran
  • Spawn Location: 1:00

Xenon

  • Race: Terran Terran
  • League: Platinum
  • Spawn Location: 3:00

VOD

Have the link to the VOD?

Description

Time

  • Played on: March 6, 2019, 10:56 p.m.
  • Length: 25:03
Show
View Real Time Build Order
Export as new Build Order

Throwfordays Protoss 

Build Orders: Nexus First 

Get SALT Encoding   

  12  0:00  Probe  
  13  0:13  Probe  
  14  0:25  Probe  
  15  0:45  Nexus  
  15  0:57  Pylon  
  15  1:15  Gateway, Probe  
  16  1:21  Pylon  
  16  1:27  Probe  
  17  1:36  Assimilator  
  17  1:39  Probe  
  18  1:45  Forge  
  18  1:54  Probe  
  19  2:03  Cybernetics Core  
  19  2:06  Probe  
  20  2:12  Probe  
  21  2:18  Probe  
  21  2:20  Probe  
  22  2:28  Probe  
  23  2:31  Gateway  
  23  2:33  Warp Gate  
  23  2:36  Probe  
  25  2:39  Probe  
  26  2:48  Probe  
  26  2:51  Probe  
  28  2:53  Gateway  
  28  3:00  Photon Cannon  
  28  3:07  Photon Cannon  
  28  3:11  Probe  
  29  3:12  Probe  
  29  3:14  Assimilator  
  30  3:20  Probe  
  31  3:29  Probe  
  32  3:40  Robotics Facility, Probe  
  33  3:45  Pylon  
  33  3:51  Photon Cannon  
  33  3:52  Probe  
  34  4:00  Probe  
  34  4:01  Assimilator  
  34  4:03  Assimilator  
  34  4:08  Probe x2  
  35  4:16  Probe  
  37  4:17  Shield Battery  
  37  4:19  Shield Battery, Probe  
  37  4:21  Shield Battery  
  39  4:26  Probe  
  39  4:31  Probe  
  41  4:32  Adept  
  41  4:33  Adept x2  
  41  4:38  Probe  
  48  4:42  Photon Cannon  
  48  4:44  Protoss Ground Weapons Level 1  
  48  4:50  Probe  
  49  4:53  Photon Cannon  
  49  4:56  Pylon  
  49  4:58  Pylon  
  49  5:00  Pylon  
  49  5:03  Pylon  
  49  5:11  Observer  
  50  5:16  Robotics Bay  
  50  5:22  Probe  
  51  5:30  Probe  
  51  5:32  Observer  
  53  5:37  Nexus  
  53  5:39  Pylon  
  53  5:40  Probe  
  53  5:42  Pylon  
  53  5:46  Assimilator  
  54  5:51  Assimilator  
  54  6:01  Robotics Facility  
  54  6:04  Robotics Facility  
  54  6:09  Twilight Council  
  54  6:13  Forge, Extended Thermal Lance  
  54  6:19  Robotics Facility  
  53  6:48  Photon Cannon, Probe  
  53  6:51  Photon Cannon  
  54  6:56  Photon Cannon, Probe  
  54  6:58  Photon Cannon  
  55  7:03  Probe  
  55  7:06  Probe  
  56  7:08  Colossus x2  
  56  7:11  Probe x2  
  56  7:13  Colossus  
  58  7:18  Probe  
  58  7:21  Probe  
  72  7:23  Probe  
  80  7:30  Probe  
  80  7:31  Colossus  
  80  7:33  Probe  
  80  7:36  Probe  
  89  7:45  Probe  
  89  7:48  Probe  
  91  7:56  Zealot x3  
  97  8:00  Probe  
  98  8:20  Pylon  
  98  8:30  Stalker  
  98  8:31  Stalker x2  
  104  8:51  Stargate x2  
  104  8:54  Stargate  
  98  9:04  Stalker x2  
  98  9:05  Stalker  
  98  9:06  Photon Cannon  
  104  9:11  Photon Cannon  
  104  9:14  Photon Cannon  
  104  9:16  Photon Cannon  
  104  9:22  Nexus  
  102  9:25  Pylon  
  102  9:28  Pylon, Void Ray x3  
  102  9:29  Assimilator  
  98  9:35  Assimilator, Protoss Ground Weapons Level 2  
  98  9:36  Stalker x3  
  108  9:39  Protoss Shields Level 1  
  108  9:44  Protoss Air Weapons Level 1  
  116  10:02  Cybernetics Core  
  116  10:08  Fleet Beacon  
  116  10:09  Probe  
  116  10:13  Probe  
  116  10:21  Probe  
  116  10:25  Probe  
  118  10:28  Gravitic Boosters  
  118  10:33  Probe  
  119  10:37  Probe  
  116  10:43  Void Ray x2  
  116  10:44  Void Ray  
  128  10:51  Stargate  
  120  10:58  Stalker x2  
  120  10:59  Stalker  
  118  11:45  Void Ray  
  118  11:46  Void Ray  
  114  11:53  Void Ray  
  114  11:54  Void Ray  
  134  11:57  Stalker  
  134  11:58  Stalker x2  
  136  12:08  Protoss Shields Level 2  
  136  12:22  Probe  
  137  12:23  Void Ray x2  
  137  12:25  Protoss Air Weapons Level 2  
  137  12:26  Protoss Air Armor Level 1  
  145  12:33  Stalker x3  
  145  12:34  Void Ray, Probe  
  156  12:37  Void Ray  
  156  12:49  Probe  
  137  13:01  Probe  
  118  13:13  Probe  
  118  13:17  Stalker  
  118  13:18  Stalker x2  
  105  13:53  Void Ray x3  
  105  13:54  Void Ray  
  115  13:56  Colossus x3  
  115  14:00  Stalker  
  115  14:01  Stalker x2  
  115  14:36  Void Ray x4  
  131  14:45  Probe  
  132  14:47  Probe  
  132  14:51  Probe  
  134  14:53  Protoss Shields Level 3  
  134  14:57  Probe  
  134  14:59  Probe  
  136  15:02  Protoss Air Weapons Level 3  
  136  15:03  Probe  
  136  15:04  Protoss Air Armor Level 2  
  137  15:09  Probe  
  137  15:12  Probe  
  139  15:15  Probe  
  140  15:21  Probe  
  140  15:24  Probe  
  140  15:28  Probe  
  143  15:33  Probe  
  144  15:36  Probe  
  144  15:40  Probe  
  146  15:46  Probe  
  147  15:58  Probe  
  148  16:04  Void Ray  
  148  16:05  Void Ray  
  154  16:17  Pylon  
  149  16:18  Pylon  
  149  16:21  Pylon  
  149  16:24  Pylon  
  146  16:36  Nexus  
  143  16:41  Void Ray  
  143  16:42  Nexus  
  147  17:08  Pylon  
  147  17:10  Pylon  
  147  17:11  Pylon  
  147  17:13  Pylon  
  147  17:25  Tempest, Void Ray  
  147  17:28  Tempest  
  161  17:52  Tempest  
  166  18:08  Tempest  
  127  18:38  Tempest x2  
  127  18:39  Tempest  
  141  18:44  Protoss Air Armor Level 3  
  141  18:49  Nexus  
  129  19:59  Probe  
  130  20:02  Probe  
  130  20:03  Probe  
  122  20:16  Probe  
  124  20:28  Probe  
  113  20:40  Probe  
  114  20:52  Carrier x3, Probe  
  114  20:53  Protoss Ground Weapons Level 3, Carrier  
  139  21:08  Pylon x3  
  139  21:09  Pylon  
  139  21:10  Probe  
  140  21:11  Pylon  
  140  21:12  Assimilator  
  140  21:16  Assimilator  
  140  21:22  Probe  
  141  21:32  Nexus  
  141  21:34  Probe  
  141  21:35  Nexus  
  141  21:37  Assimilator  
  142  21:41  Assimilator  
  142  21:46  Probe  
  143  21:56  Carrier x2  
  143  21:57  Carrier x2  
  143  21:58  Probe  
  168  22:11  Protoss Ground Armor Level 1  
  168  22:27  Gravitic Drive  
  155  22:48  Probe  
  155  22:50  Probe  
  157  23:00  Probe  
  157  23:02  Probe  
  155  23:12  Probe  
  143  23:14  Probe  
  134  23:24  Probe  
  134  23:26  Probe  
  136  23:36  Probe  
  136  23:38  Probe  
  136  23:39  Probe  
  133  23:45  Carrier x3  
  133  23:48  Probe  
  152  23:50  Probe  
  152  23:51  Probe  
  148  24:00  Probe  
  148  24:02  Probe  
Show
View Real Time Build Order
Export as new Build Order

Faust Zerg 

Build Orders: Hatch First 

Get SALT Encoding   

  12  0:01  Drone  
  13  0:09  Drone  
  13  0:13  Extractor  
  13  0:16  Drone  
  15  0:24  Overlord  
  15  0:42  Drone x2  
  17  0:57  Hatchery  
  17  0:58  Drone  
  17  1:01  Extractor  
  16  1:09  Drone  
  17  1:19  Spawning Pool  
  17  1:22  Drone  
  17  1:28  Drone  
  17  1:30  Drone  
  19  1:45  Overlord  
  19  2:06  Metabolic Boost  
  19  2:07  Zergling x4, Queen  
  23  2:12  Queen  
  25  2:32  Zergling x10  
  25  2:33  Zergling x2  
  31  2:40  Baneling Nest  
  30  2:50  Drone x2  
  32  3:06  Drone  
  32  3:07  Drone  
  32  3:08  Drone  
  32  3:09  Overlord  
  34  3:54  Zergling x14  
  34  3:55  Zergling x6  
  38  3:58  Drone x4  
  42  4:17  Lair  
  42  4:18  Drone  
  42  4:19  Drone, Hatchery  
  42  4:21  Overlord  
  43  4:29  Drone  
  44  4:42  Drone  
  44  4:43  Drone x3  
  44  4:44  Overlord x2  
  39  4:58  Baneling  
  39  4:59  Zergling x2, Baneling x2  
  42  5:00  Zergling x12  
  46  5:10  Drone  
  46  5:11  Drone  
  48  5:24  Drone x2  
  50  5:30  Drone x4  
  50  5:31  Queen  
  50  5:32  Drone  
  50  5:33  Drone  
  58  5:45  Hydralisk Den  
  58  5:46  Spore Crawler  
  58  5:49  Spore Crawler  
  55  5:50  Drone  
  55  5:53  Extractor  
  55  5:54  Drone x3  
  55  5:55  Extractor, Drone x2  
  55  5:56  Drone  
  60  5:57  Overlord  
  60  5:58  Overlord  
  60  6:00  Drone x2  
  61  6:20  Drone  
  61  6:21  Drone x5  
  67  6:27  Drone x7  
  67  6:31  Extractor  
  73  6:35  Infestation Pit  
  73  6:38  Hatchery, Evolution Chamber  
  70  6:42  Zergling x2  
  70  6:43  Zergling x4, Evolution Chamber  
  72  7:11  Zergling x2  
  72  7:12  Zergling x22  
  79  7:20  Spine Crawler x2  
  79  7:22  Spore Crawler, Zergling x2  
  77  7:23  Zergling x4  
  79  7:30  Hydralisk  
  78  7:44  Baneling x2  
  78  7:45  Baneling x4  
  33  8:23  Hydralisk Den  
  33  8:26  Hydralisk Den  
  31  8:29  Drone x8  
  31  8:30  Queen, Drone x8, Spire  
  31  8:32  Queen  
  48  8:34  Queen  
  51  8:41  Drone x3  
  52  8:54  Hydralisk x2  
  54  8:56  Hydralisk  
  54  8:59  Overlord x3  
  55  9:05  Extractor  
  55  9:06  Extractor  
  53  9:18  Hydralisk  
  53  9:19  Hydralisk  
  57  9:28  Muscular Augments  
  57  9:36  Hydralisk x3  
  61  9:41  Hydralisk  
  61  9:43  Overlord x3  
  61  9:44  Overlord  
  64  9:45  Drone  
  64  9:50  Extractor  
  64  9:52  Extractor  
  62  9:58  Drone x3  
  62  9:59  Drone x3  
  60  10:18  Zerg Missile Weapons Level 1, Hydralisk x2  
  60  10:20  Drone x4  
  60  10:21  Drone x2  
  68  10:22  Drone x2  
  68  10:26  Drone x2  
  64  10:51  Corruptor x2  
  64  10:53  Corruptor  
  65  11:17  Corruptor x3  
  58  11:21  Corruptor x3  
  62  11:45  Spawning Pool  
  60  12:02  Drone x5  
  63  12:33  Hatchery  
  52  12:44  Lair  
  34  13:17  Overlord  
  34  13:19  Hatchery  
  31  13:20  Spawning Pool  
  30  14:15  Spire  
  29  14:32  Drone x3  
  29  14:33  Queen, Drone x12  
  29  14:35  Drone  
  29  14:36  Drone x2  
  49  14:45  Baneling Nest  
  48  14:51  Hatchery  
  47  15:02  Extractor x2  
  47  15:03  Drone x2  
  47  15:04  Drone x4  
  51  15:27  Zergling x12  
  55  15:46  Baneling  
  55  15:47  Baneling x11  
  55  16:01  Hatchery  
  54  16:16  Zergling x10  
  54  16:17  Zergling x6  
  56  17:07  Spawning Pool  
  55  17:21  Spawning Pool  
  54  17:27  Extractor  
  54  17:28  Extractor  
  52  17:45  Burrow  
  49  17:55  Baneling Nest  
  49  17:56  Drone  
  49  17:57  Drone x2  
  49  17:58  Drone x2  
  37  18:06  Zergling x8  
  41  18:18  Zergling x2  
  41  18:19  Zergling x6  
  45  18:30  Evolution Chamber  
  44  18:35  Evolution Chamber  
  43  18:45  Baneling  
  43  18:46  Baneling x20  
  43  18:47  Baneling x11  
  43  18:57  Baneling x32  
  20  19:57  Baneling x28  
Show
View Real Time Build Order
Export as new Build Order

Chloroform Terran 

Build Orders: Command Center First (CC) 

Get SALT Encoding   

  12  0:03  SCV  
  13  0:15  SCV  
  14  0:45  SCV  
  14  0:49  Supply Depot  
  15  1:11  SCV  
  15  1:15  Barracks, Command Center  
  16  1:23  SCV  
  17  1:36  SCV  
  18  1:42  Refinery  
  18  1:46  Refinery  
  18  1:48  SCV  
  19  2:00  SCV  
  20  2:05  Marine  
  20  2:06  Supply Depot  
  21  2:12  SCV  
  22  2:24  SCV  
  23  2:31  Marine  
  23  2:32  Supply Depot  
  23  2:36  SCV  
  25  2:37  SCV  
  26  2:48  SCV  
  26  2:49  SCV  
  28  3:00  SCV, Factory  
  29  3:12  SCV  
  30  3:19  SCV  
  31  3:25  Orbital Command  
  31  3:31  SCV  
  31  3:32  Refinery  
  32  3:34  Refinery  
  32  3:52  Factory Tech Lab  
  32  3:53  Marine  
  33  4:02  Starport  
  33  4:09  Orbital Command  
  33  4:10  Marine  
  34  4:18  Siege Tank  
  37  4:26  SCV  
  38  4:31  Supply Depot  
  38  4:38  SCV  
  39  4:39  Starport Tech Lab  
  39  4:44  Starport  
  39  4:50  SCV  
  39  4:51  SCV  
  41  4:53  Armory  
  41  5:02  SCV  
  41  5:03  SCV  
  43  5:19  SCV  
  44  5:23  Fusion Core  
  44  5:25  SCV  
  44  5:28  Starport Tech Lab  
  45  5:37  SCV  
  45  5:40  Supply Depot, Armory  
  45  5:41  Terran Ship Weapons Level 1  
  46  5:46  SCV  
  46  5:49  SCV  
  48  5:58  SCV  
  48  6:01  SCV  
  50  6:17  Battlecruiser x2  
  62  6:19  Starport  
  62  6:24  Siege Tank  
  65  6:28  SCV  
  65  6:30  Terran Vehicle And Ship Armor Level 1  
  65  6:32  SCV  
  67  6:44  SCV  
  68  6:49  Engineering Bay  
  68  6:50  SCV  
  69  6:57  Starport Tech Lab  
  69  7:02  SCV  
  70  7:14  Supply Depot  
  70  7:50  Weapon Refit  
  70  7:53  Battlecruiser  
  76  9:13  Supply Depot  
  76  9:19  Terran Vehicle And Ship Armor Level 2  
  76  9:20  Terran Ship Weapons Level 2, Battlecruiser  
  76  9:21  Battlecruiser  
  88  9:35  Supply Depot  
  88  10:09  Battlecruiser  
  88  10:24  Battlecruiser  
  88  10:25  Battlecruiser  
  94  11:14  Battlecruiser  
  94  11:28  Battlecruiser  
  94  11:29  Battlecruiser  
  106  12:05  Terran Ship Weapons Level 3  
  106  12:15  Terran Vehicle And Ship Armor Level 3  
  88  13:29  Battlecruiser x2  
  88  13:30  Battlecruiser  
  88  14:33  Battlecruiser  
  88  14:35  Battlecruiser x2  
  106  14:52  Command Center  
  106  15:12  Supply Depot  
  106  15:18  Supply Depot  
  106  15:32  Refinery  
  106  15:35  Refinery, Supply Depot  
  106  15:38  Battlecruiser  
  106  15:39  Battlecruiser  
  106  15:41  Supply Depot  
  118  15:51  Battlecruiser  
  124  15:58  Supply Depot  
  124  16:04  Supply Depot  
  106  16:57  Battlecruiser  
  112  18:01  Battlecruiser  
  106  18:43  Battlecruiser x2  
  118  19:05  Battlecruiser  
  106  19:47  Battlecruiser  
  106  19:52  Supply Depot  
  112  20:15  Supply Depot  
  106  20:37  Supply Depot  
  88  20:43  Battlecruiser  
  94  21:08  Battlecruiser  
  100  21:18  Battlecruiser  
  106  21:33  Starport  
  106  21:35  Starport  
  106  21:58  Battlecruiser  
  94  23:05  Starport Tech Lab  
  94  23:06  Starport Tech Lab  
  94  23:29  Battlecruiser x3  
  94  23:30  Battlecruiser x2  
Show
View Real Time Build Order
Export as new Build Order

Xenon Terran 

Build Orders:  

Get SALT Encoding   

  12  0:01  SCV  
  13  0:13  SCV  
  14  0:18  Supply Depot  
  14  0:25  SCV  
  15  0:40  SCV  
  15  0:42  Barracks  
  16  0:46  Refinery  
  16  0:52  SCV  
  17  1:00  Barracks  
  17  1:05  SCV  
  18  1:17  SCV  
  19  1:28  Barracks Tech Lab  
  19  1:31  Orbital Command  
  19  1:34  Supply Depot  
  19  1:46  Barracks  
  19  1:53  Marine x2  
  21  1:58  SCV  
  22  2:10  SCV  
  22  2:13  Marine  
  22  2:14  Marine  
  25  2:22  SCV  
  26  2:28  Stimpack  
  26  2:31  Marine x2  
  26  2:33  Barracks Reactor  
  28  2:46  Command Center  
  28  2:50  SCV  
  29  2:51  Marine  
  29  2:54  Marine  
  31  3:03  Supply Depot  
  31  3:07  Engineering Bay  
  31  3:20  Barracks Reactor  
  31  3:24  Marine x2  
  31  3:25  Marine, SCV  
  35  3:31  Supply Depot  
  35  3:43  Reaper  
  35  3:44  Marine  
  37  3:53  Marine  
  35  4:04  Refinery, Orbital Command  
  35  4:05  SCV  
  35  4:08  Combat Shield  
  36  4:10  Marine x2  
  36  4:14  Marine x2  
  36  4:16  Terran Infantry Weapons Level 1  
  40  4:17  SCV  
  40  4:18  Marine  
  42  4:29  SCV  
  43  4:38  Marine x2  
  43  4:39  Marine x3  
  43  4:43  Supply Depot  
  45  4:56  Marine x3  
  45  4:59  SCV x2  
  50  5:03  Bunker  
  50  5:10  Factory  
  50  5:16  Command Center  
  50  5:21  SCV x2  
  51  5:23  Marine  
  51  5:25  Marine  
  54  5:42  SCV x2  
  56  5:43  Supply Depot  
  56  5:52  Marine x3  
  56  5:53  Marine  
  56  5:54  SCV x2  
  56  5:56  Marauder  
  64  6:02  Refinery x2  
  64  6:06  Starport  
  64  6:25  Terran Infantry Armor Level 1  
  64  6:38  Marine x3  
  64  6:39  Marine x2  
  69  6:44  Starport, Starport Reactor  
  69  6:52  Orbital Command  
  69  6:54  SCV x2  
  71  7:06  SCV x2  
  73  7:13  Command Center  
  73  7:14  Marine x4  
  73  7:15  Marine  
  77  7:18  SCV x2  
  77  7:21  Medivac x2  
  83  7:27  Medivac  
  66  8:16  SCV  
  66  8:17  SCV x2  
  54  8:23  Marine x5  
  54  8:24  Medivac x2  
  54  8:25  Medivac  
  54  8:27  Orbital Command  
  65  8:28  SCV  
  65  8:29  SCV x2  
  68  8:40  SCV  
  68  8:41  Marine x5, SCV  
  70  8:44  Command Center  
  75  8:53  Barracks x3  
  75  8:54  Factory Tech Lab  
  75  8:58  Marine  
  75  8:59  Marine x4  
  80  9:04  Liberator x2  
  80  9:05  Liberator  
  80  9:07  Command Center  
  89  9:12  Engineering Bay  
  89  9:15  Armory  
  89  9:16  Marine, SCV  
  89  9:17  Marine x2, SCV x3  
  96  9:26  Marine  
  96  9:29  SCV x4  
  101  9:41  SCV x4  
  105  9:45  Barracks Reactor  
  105  9:46  Barracks Reactor  
  105  9:47  Marine x3  
  105  9:52  Barracks Reactor  
  108  9:55  Marine x2  
  108  9:58  Supply Depot x2  
  110  10:00  Orbital Command  
  110  10:03  Refinery  
  110  10:05  Marine x3  
  113  10:10  Hellbat  
  113  10:12  Marine x2, Terran Infantry Weapons Level 2  
  113  10:13  Terran Infantry Armor Level 2  
  117  10:16  Terran Vehicle And Ship Armor Level 1  
  117  10:18  Medivac x3  
  123  10:22  Marine  
  123  10:23  Marine x5  
  129  10:30  Marine  
  129  10:31  SCV x4  
  129  10:32  SCV  
  129  10:33  Refinery  
  136  10:36  Orbital Command  
  136  10:41  Marine x4  
  136  10:42  Marine x6  
  143  10:43  SCV x4  
  143  10:44  SCV  
  143  10:45  Hellbat  
  143  10:48  Marine  
  153  10:59  Marine x6  
  153  11:00  Marine x2  
  135  11:34  Marine x5  
  135  11:35  Marine x5  
  135  11:36  Marine  
  135  11:37  Siege Tank  
  135  11:38  Liberator x2  
  135  11:39  Liberator  
  153  11:51  SCV x6  
  153  11:52  Marine x3  
  162  12:11  Marine x10, SCV x3, Terran Vehicle And Ship Armor Level 2  
  175  12:17  SCV x3  
  178  12:35  SCV  
  178  12:48  Marine x2  
  178  12:49  Marine, SCV  
  178  12:50  Marine  
  178  12:52  SCV  
  178  12:55  Marine x2  
  178  13:00  Marine  
  178  13:01  Marine x2, SCV  
  178  13:02  Marine x2  
  178  13:05  Liberator x2  
  177  13:06  Marine  
  177  13:07  Marine x2  
  177  13:11  Marine  
  176  13:13  Marine x2  
  178  13:29  Supply Depot x3  
  178  13:30  Supply Depot  
  178  13:31  Supply Depot  
  178  13:32  Marine  
  178  13:33  Marine x3  
  178  13:34  Marine  
  178  13:36  Refinery x2, Marine x2, Barracks x2  
  178  13:38  Marine x4, Refinery, Barracks  
  178  13:39  Refinery  
  178  13:40  Barracks  
  177  13:43  Orbital Command  
  177  13:46  Liberator  
  177  13:49  Liberator  
  177  13:50  Marine, Liberator  
  177  13:51  Marine x2  
  177  13:52  Marine  
  177  13:54  Marine  
  185  13:55  Marine x2  
  185  13:56  Marine  
  186  14:07  Factory x3  
  186  14:10  Factory  
  186  14:21  Terran Infantry Weapons Level 3  
  186  14:22  Terran Infantry Armor Level 3  
  186  14:23  Fusion Core  
  186  14:29  Terran Vehicle And Ship Armor Level 3  
  189  14:34  Marine x2  
  189  14:35  Marine x2  
  193  14:47  Marine x3  
  193  14:48  Marine x2  
  198  14:54  Marine x2  
  198  14:59  Starport Tech Lab  
  197  15:29  Marine  
  197  15:30  Marine x2  
  199  15:54  Missile Turret  
  199  15:55  Missile Turret x2  
  199  15:56  Missile Turret  
  184  15:57  Missile Turret  
  184  15:58  Missile Turret  
  184  15:59  Missile Turret  
  184  16:00  Marine x10, Missile Turret  
  184  16:01  Marine x5  
  199  16:18  Marine  
  200  16:32  Refinery  
  200  16:33  Refinery  
  200  16:34  Command Center  
  200  16:38  Advanced Ballistics  
  196  17:44  Marine  
  196  17:45  Marine x4  
  194  18:18  Marine x4  
  194  18:19  Marine x11  
  186  18:36  Marine x4  
  186  18:37  Hellbat  
  200  18:42  Barracks Reactor  
  200  18:43  Barracks Reactor x3  
  192  18:48  Factory Tech Lab  
  192  18:49  Factory Tech Lab  
  192  18:52  Neosteel Armor  
  192  18:53  Terran Vehicle Weapons Level 1  
  192  19:00  Liberator  
  192  19:01  Liberator  
  192  19:02  Factory Tech Lab  
  198  19:03  Factory Tech Lab  
  188  19:50  Marine  
  188  19:51  Marine x15  
  199  19:59  Orbital Command  
  186  20:03  Marine  
  180  20:14  Medivac x3  
  144  20:39  Marine x3  
  144  20:40  Marine x16  
  155  20:43  Thor  
  155  20:44  Thor x4, Medivac  
  155  20:47  Terran Vehicle Weapons Level 2  
  155  20:49  Hi-Sec Auto Tracking  
  186  20:51  Medivac x2  
  190  20:57  Marine x9  
  199  21:06  Refinery  
  199  21:51  Smart Servos  
  199  21:52  Drilling Claws  
  199  21:53  Infernal Pre-Igniter, Mag-Field Accelerator  
  199  21:59  Refinery  
  199  22:06  Missile Turret  
  199  22:07  Missile Turret  
  199  22:08  Missile Turret  
  198  22:13  Missile Turret  
  198  22:14  Missile Turret  
  198  22:16  Marine x2, Command Center  
  196  22:42  Marine x6  
  196  22:43  Marine x5  
  160  22:59  Marine  
  160  23:00  Marine x10  
  160  23:01  Thor x2  
  160  23:02  Thor x2  
  187  23:18  Marine x5  
  177  23:21  Marine x5  
  177  23:26  Missile Turret  
  174  23:27  Missile Turret  
  174  23:29  Missile Turret  
  174  23:35  Marine x2  
  174  23:36  Marine x12  
  174  23:39  Marine x5  
  176  23:53  Marine x8  
  176  23:54  Marine x6  
  189  23:57  Marine x5  
  194  24:11  Marine x6  
  199  24:38  Marine  
  197  24:39  Marine x2  
  199  24:58  Command Center  
Tags
 
Add a new tag
Caveats
  • Supply blocks, unpowered buildings, or Contaminate may cause inaccurate times.
  • Supply counts are checked every 10 seconds.